[Event "Summer Chess Classic-B 2019"]
[Site "Saint Louis"]
[Date "2019.06.19"]
[Round "2.1"]
[White "Fridman, Daniel"]
[Black "Kovalenko, Igor"]
[Result "1/2-1/2"]
[ECO "A46"]
[WhiteElo "2644"]
[BlackElo "2651"]
[Annotator "ChessBase"]
[PlyCount "61"]
[EventDate "2019.06.18"]
[EventType "tourn"]
[EventCountry "USA"]
[SourceTitle "playchess.com"]
[Source "ChessBase"]
[SourceQuality "1"]
[TimeControl "40/5400+30:1800+30"]

1. d4 Nf6 2. Nf3 d5 3. c4 e6 4. g3 Bb4+ 5. Bd2 Be7 6. Bg2 O-O 7. O-O Nbd7 8. Qc2 c6 9. Rd1 b6 10. Bf4 Ba6 11. Ne5 Rc8 12. cxd5 cxd5 13. Nc6 Qe8 14. Nxe7+ Qxe7 15. Nc3 Bb7 16. Rac1 a6 17. Qd3 Rc6 18. Nb1 Rfc8 19. Rxc6 Rxc6 20. Qa3 Qxa3 21. Nxa3 a5 22. Rc1 Rxc1+ 23. Bxc1 Ba6 24. Bf1 Ne4 25. f3 Nd6 26. Bf4 Ne8 27. Bd2 Nb8 28. e3 Bxf1 29. Kxf1 Nd6 30. Ke2 Nc6 31. Nc2 1/2-1/2

[Event "Summer Chess Classic-B 2019"]
[Site "Saint Louis"]
[Date "2019.06.24"]
[Round "6.2"]
[White "Gabuzyan, Hovhannes"]
[Black "Oparin, Grigoriy"]
[Result "1/2-1/2"]
[ECO "C45"]
[WhiteElo "2619"]
[BlackElo "2644"]
[Annotator "RC"]
[PlyCount "93"]
[EventDate "2019.06.18"]
[EventType "tourn"]
[EventCountry "USA"]
[SourceTitle "playchess.com"]
[Source "ChessBase"]
[SourceQuality "1"]
[TimeControl "40/5400+30:1800+30"]

1. e4 e5 2. Nf3 Nc6 3. d4 exd4 4. Nxd4 Bc5 5. Nb3 Bb6 6. Nc3 Nf6 7. Qe2 O-O 8. Bg5 h6 9. Bh4 a5 10. a4 Nd4 11. Qd3 Nxb3 12. cxb3 c6 13. O-O-O d5 14. exd5 cxd5 15. Qc2 Be6 16. Nxd5 Bxd5 17. Bxf6 Qxf6 18. Rxd5 Qxf2 19. Bc4 Be3+ 20. Kb1 Qxc2+ 21. Kxc2 b6 22. b4 axb4 23. Kb3 Rfd8 24. Rhd1 Rxd5 25. Rxd5 Ra7 26. Kxb4 g6 27. g4 Kg7 28. b3 Bf2 29. h3 Kf6 30. Rd3 Ke5 31. Kb5 Ra5+ 32. Kc6 f5 33. Bb5 fxg4 34. hxg4 Ra8 35. Rd5+ Kf4 36. Rd6 Kg5 37. Be2 Rf8 38. Rd5+ Kf4 39. b4 Re8 40. Bd1 Re4 41. Rd2 Be3 42. Rb2 Re6+ 43. Kb7 Re5 44. b5 h5 45. gxh5 gxh5 46. Rh2 Kg3 47. Rxh5 1/2-1/2

[Event "Summer Chess Classic-B 2019"]
[Site "Saint Louis"]
[Date "2019.06.26"]
[Round "8.3"]
[White "Gabuzyan, Hovhannes"]
[Black "Kovalenko, Igor"]
[Result "0-1"]
[ECO "A20"]
[WhiteElo "2619"]
[BlackElo "2651"]
[Annotator "RC"]
[PlyCount "158"]
[EventDate "2019.06.18"]
[EventType "tourn"]
[EventCountry "USA"]
[SourceTitle "playchess.com"]
[Source "ChessBase"]
[SourceQuality "1"]
[TimeControl "40/5400+30:1800+30"]

1. c4 e5 2. a3 c6 3. Nf3 e4 4. Nd4 Bc5 5. Nb3 Bb6 6. c5 Bc7 7. Nc3 Nf6 8. Qc2 Qe7 9. g4 h6 10. Bg2 O-O 11. h4 Nxg4 12. Qxe4 Qxe4 13. Nxe4 b6 14. d4 bxc5 15. Nbxc5 d5 16. Nc3 Nd7 17. Nxd7 Bxd7 18. Na4 Nf6 19. Bd2 Rfe8 20. Rc1 Bb6 21. Nxb6 axb6 22. f3 Ra4 23. Bb4 Nh5 24. Kf2 f5 25. e3 Re6 26. Bh3 g6 27. Rc3 Kf7 28. Rb3 Ra6 29. Ra1 Ra4 30. Bc3 b5 31. Bb4 Nf6 32. Rc3 Ra8 33. Bc5 Ree8 34. b3 g5 35. a4 g4 36. Bg2 Kg6 37. a5 Re6 38. Bb6 Kh5 39. Bc7 b4 40. Rcc1 gxf3 41. Bxf3+ Ng4+ 42. Bxg4+ fxg4 43. a6 Rf6+ 44. Ke2 Rg6 45. Bg3 Ra7 46. Bb8 Ra8 47. a7 g3 48. e4 Kxh4 49. exd5 cxd5 50. Rc5 Bg4+ 51. Ke3 g2 52. Rg1 Kh3 53. Rxd5 Rf6 54. Rc5 Rf3+ 55. Kd2 Rf8 56. Rcc1 Rfxb8 57. axb8=Q Rxb8 58. Rh1+ gxh1=Q 59. Rxh1+ Kg3 60. Rxh6 Bf5 61. Rh5 Kf4 62. Rh4+ Kg5 63. Rh1 Rc8 64. Rg1+ Kf4 65. Rf1+ Ke4 66. d5 Rd8 67. Kc2 Rxd5 68. Re1+ Kd4+ 69. Kb2 Re5 70. Rf1 Re2+ 71. Ka1 Bc2 72. Rf3 Re3 73. Rf8 Bxb3 74. Kb2 Bd5 75. Rf4+ Re4 76. Rf2 Bc4 77. Rd2+ Kc5 78. Rd8 Re2+ 79. Ka1 b3 0-1